 Dungeon Crawl Stone Soup version 0.18.1-50-g88ac8fd (webtiles) character file.

25350 Krapule the Covert (level 13, -12/87 (88) HPs)
             Began as an Octopode Monk on Sept 18, 2016.
             Was the Champion of Cheibriados.
             Mangled by a komodo dragon (29 damage)
             ... on level 2 of the Lair of Beasts on Sept 19, 2016.
             The game lasted 01:25:24 (16653 turns).

Krapule the Covert (Octopode Monk)                 Turns: 16653, Time: 01:25:24

HP:   -12/87 (88)   AC:  4    Str: 26    XL:     13   Next: 19%
MP:   9/20          EV: 28    Int: 28    God:    Cheibriados [******]
Gold: 686           SH:  8    Dex: 33    Spells: 2 memorised, 12 levels left

rFire  . . .     SeeInvis .       - Unarmed
rCold  . . .     Gourm    .     q - +0 buckler
rNeg   + . .     Faith    .     w - +2 hat
rPois  .         Spirit   .     h - amulet of magic regeneration
rElec  .         Dismiss  .     j - ring of positive energy
rCorr  +         Reflect  .     H - +2 ring of evasion
SustAt .         Harm     .     M - ring of stealth
MR     .....                    Q - ring of resist corrosion
Stlth  +++++++++.               (no ring)
                                (no ring)
                                (no ring)
                                (no ring)

@: drained, very slow, not resistant to hostile enchantments, incredibly
stealthy
A: almost no armour, amphibious, 8 rings, constrict 8, repulsion field 1, icy
blue scales 1, camouflage 1, wild magic 1, gelatinous body 1
a: Bend Time, Temporal Distortion, Slouch, Step From Time, Renounce Religion


You were on level 2 of the Lair of Beasts.
You worshipped Cheibriados.
Cheibriados was exalted by your worship.
You were hungry.

You visited 3 branches of the dungeon, and saw 15 of its levels.
You also visited: Labyrinth and Ossuary.

You collected 827 gold pieces.
You spent 141 gold pieces at shops.

Inventory:

Hand Weapons
 y - the +1 dagger "Bifel" {pierce, Int+3}
   (You found it on level 4 of the Dungeon)

   It inflicts extra damage upon your enemies.
   It affects your intelligence (+3).
Armour
 q - a +0 buckler (worn)
 w - a +2 hat (worn)
Jewellery
 g - an uncursed ring of ice
 h - an amulet of magic regeneration (around mantle)
 j - a ring of positive energy (left tentacle)
 p - an uncursed amulet of harm
 H - a +2 ring of evasion (right tentacle)
 M - a ring of stealth (on tentacle)
 Q - a ring of resist corrosion (on tentacle)
 R - an uncursed ring of fire
Wands
 b - a wand of digging (16/24)
 r - a wand of disintegration (12/24)
 I - a wand of digging (16/24)
 L - a wand of teleportation (0/9)
 O - a wand of enslavement (8/24)
 S - a wand of flame (37/48)
Scrolls
 c - 2 scrolls of teleportation
 f - 3 scrolls of enchant weapon
 i - 4 scrolls of magic mapping
 k - 3 scrolls of fog
 n - 3 scrolls of fear {unknown}
 x - 5 scrolls of remove curse
 B - a scroll of blinking
 K - a scroll of amnesia
 N - 2 scrolls of recharging
Potions
 d - 2 potions of cure mutation
 e - a potion of magic
 l - 2 potions of flight
 m - 2 potions of resistance
 o - 4 potions of brilliance
 s - 11 potions of curing
 z - 2 potions of might
 A - 3 potions of ambrosia
 D - a potion of agility {unknown}
 F - a potion of mutation {unknown}
 G - a potion of heal wounds {unknown}
Books
 u - a book of Misfortune

   Spells                             Type                      Level
   a - Confusing Touch                Hexes                        2
   b - Confuse                        Hexes                        3
   c - Gell's Gravitas                Hexes/Translocation          3
   d - Petrify                        Transmutation/Earth          4
   e - Metabolic Englaciation         Hexes/Ice                    5
   f - Yara's Violent Unravelling     Hexes/Transmutation          5
 E - a book of the Dragon

   Spells                             Type                      Level
   a - Flame Tongue                   Conjuration/Fire             1
   b - Cause Fear                     Hexes                        4
   c - Bolt of Fire                   Conjuration/Fire             6
   d - Dragon Form                    Transmutation                7
   e - Dragon's Call                  Summoning                    9
 P - a book of Clouds

   Spells                             Type                      Level
   a - Mephitic Cloud                 Conjuration/Poison/Air       3
   b - Conjure Flame                  Conjuration/Fire             3
   c - Poisonous Cloud                Conjuration/Poison/Air       6
   d - Freezing Cloud                 Conjuration/Ice/Air          6
   e - Ring of Flames                 Charms/Fire                  7
Comestibles
 a - 11 bread rations
 t - 3 beef jerkies
 v - 13 fruits
 C - 2 slices of pizza
 J - 5 royal jellies
 T - a meat ration


   Skills:
 - Level 8.0(7.3) Fighting
 + Level 9.8(9.1) Dodging
 + Level 13.4(12.6) Stealth
 - Level 5.0(4.3) Shields
 + Level 10.8(10.0) Unarmed Combat
 - Level 5.0(4.4) Spellcasting
 + Level 4.0(3.4) Hexes
 + Level 1.6(1.0) Transmutations
 + Level 9.5(8.8) Invocations


You had 12 spell levels left.
You knew the following spells:

 Your Spells              Type           Power        Failure   Level  Hunger
a - Confuse               Hex            ####....     10%         3    ##.....
b - Dragon Form           Trmt           ###.......   100%        7    #######


Dungeon Overview and Level Annotations

Branches:
Dungeon (12/15)            Temple (1/1) D:5            Lair (2/8) D:11
    Orc (0/2) D:9

Altars:
Ashenzari
Cheibriados
Dithmenos
Elyvilon
Fedhas
Gozag
Kikubaaqudgha
Makhleb
Nemelex Xobeh
Okawaru
Pakellas
Qazlal
Ru
Sif Muna
Trog
Vehumet
Xom
Yredelemnul
Zin
The Shining One

Shops:
D:5 ?   D:6 ?

Annotations:
D:4 Pikel
D:12 Nessos


Innate Abilities, Weirdness & Mutations

You cannot wear most types of armour.
You are amphibious.
You can wear up to eight rings at the same time.
You can use your tentacles to constrict eight enemies at once.
Your skin changes colour to match your surroundings (Stealth).
Your rubbery body absorbs attacks (AC +1).
You are surrounded by a mild repulsion field (EV +2).
You are partially covered in icy blue scales (AC +1).
Your spells are a little harder to cast, but a little more powerful.


Message History

You bludgeon the komodo dragon!
The komodo dragon is moderately wounded.
The komodo dragon closely misses you.
You tentacle-slap the komodo dragon.
The komodo dragon is moderately wounded.
The komodo dragon bites you!!
* * * LOW HITPOINT WARNING * * *
You barely miss the komodo dragon.
The komodo dragon is moderately wounded.
The komodo dragon completely misses you.
You closely miss the komodo dragon.
You squeeze the komodo dragon, but do no damage.
The komodo dragon is moderately wounded.
The komodo dragon misses you.
Your magical contamination has completely faded away.
You tentacle-slap the komodo dragon but do no damage.
You tentacle-slap the komodo dragon. Your squeeze misses the komodo dragon.
The komodo dragon is moderately wounded.
The komodo dragon bites you!!
You die...

**,,.........##...............
*,,,........##P...............
*,,,.......(.#................
*,,,..b...........≈...........
**,*,,,#.....≈.≈≈≈P....#......
*,,*#*##.≈≈≈≈≈≈≈.....#####...
*,,,#.#P...≈≈≈≈....### #...#
**,,.......≈≈≈...(###,**#####.
*,,,........P@P...#,,,*,#..#..
**,,......>.l#.##.#*,,,,#!...#
***###......###....,*,*####..
###..#...#....#*h.......
#......P#hh#####...##..
##...#..####...#h##.###
#....#.......####.....
#.........#...........
*#............PPP......


You could see a komodo dragon.

Vanquished Creatures
  A minotaur (Lab)
  Fannar (Lair:1)
  A hydra (D:12)
  3 hill giants
  2 ugly things
  2 cyclopes
  A black mamba (Lair:2)
  Psyche (D:9)
  2 spiny frogs (Lair:2)
  A rime drake (Lair:1)
  6 komodo dragons
  3 two-headed ogres
  3 polar bears (Lair:2)
  3 trolls
  Prince Ribbit (D:5)
  A shadow (D:12)
  18 yaks
  2 hungry ghosts
  7 hippogriffs
  5 vampire mosquitoes
  2 water moccasins
  A soldier ant (D:10)
  4 porcupines
  10 orc warriors
  7 sky beasts
  2 wasps
  6 black bears (Lair:2)
  2 ice beasts
  13 ogres
  A phantom (D:8)
  5 centaurs
  A necrophage (D:6)
  5 crocodiles (Lair:1)
  3 big kobolds
  7 giant frogs
  Blork the orc (D:4)
  3 elf zombies
  An elf skeleton (D:6)
  3 gnoll sergeants (D:9)
  4 scorpions
  A troll zombie (Ossuary)
  15 killer bees
  10 wights
  4 lava snakes (Lab)
  2 wasp zombies
  5 centaur zombies
  5 crimson imps
  2 giant frog zombies (D:7)
  4 jellies
  A gnoll shaman (D:5)
  3 human zombies
  2 orc priests
  5 hounds
  2 human skeletons (D:6)
  9 iguanas
  3 centaur skeletons
  6 orc wizards
  Ijyb (D:2)
  9 worker ants
  8 sheep
  3 hound zombies
  3 hound skeletons
  7 mummies (Ossuary)
  Robin (D:4)
  13 adders
  8 gnolls
  22 river rats
  A shadow imp (D:7)
  An ooze (D:3)
  3 adder skeletons
  2 worms
  5 giant geckos
  49 orcs
  9 bats
  5 giant cockroaches
  14 goblins
  11 hobgoblins
  9 jackals
  5 quokkas
  3 ball pythons
  A giant gecko zombie (D:5)
  5 giant newts
  4 goblin zombies (Ossuary)
  5 hobgoblin zombies (Ossuary)
  7 kobolds
  5 kobold zombies (Ossuary)
  3 orc skeletons (D:6)
  An orc zombie (D:6)
  2 quokka skeletons
  6 quokka zombies
  4 rats
  4 rat zombies (Ossuary)
463 creatures vanquished.

Vanquished Creatures (others)
  2 fungi (Lair:1)
  4 plants
6 creatures vanquished.

Grand Total: 469 creatures vanquished

Notes
Turn   | Place    | Note
--------------------------------------------------------------
     0 | D:1      | Krapule the Octopode Monk began the quest for the Orb.
     0 | D:1      | Reached XP level 1. HP: 16/16 MP: 1/1
     3 | D:1      | Noticed an electric eel
     3 | D:1      | Noticed an electric eel
   240 | D:1      | Reached XP level 2. HP: 21/21 MP: 2/2
   338 | D:1      | Reached skill level 3 in Stealth
   821 | D:2      | Reached XP level 3. HP: 26/26 MP: 3/3
   845 | D:2      | Noticed a fire elemental
   847 | D:2      | Found a stormy altar of Qazlal.
   848 | D:2      | Noticed an air elemental
   848 | D:2      | Noticed an earth elemental
   848 | D:2      | Noticed a water elemental
   976 | D:2      | Noticed Ijyb
  1056 | D:2      | Killed Ijyb
  1056 | D:2      | Reached XP level 4. HP: 24/32 MP: 4/4
  1155 | D:2      | Found a faded altar to an unknown god.
  1358 | D:2      | Found a bloodstained altar of Trog.
  1422 | D:2      | Found an iron altar of Okawaru.
  1744 | D:3      | Found a sparkling altar of Nemelex Xobeh.
  1772 | D:3      | Reached skill level 4 in Stealth
  2360 | D:4      | Noticed Pikel
  2360 | D:4      | Noticed a slave
  2360 | D:4      | Noticed a slave
  2499 | D:4      | Found a shimmering altar of Xom.
  2501 | D:4      | Found a radiant altar of Vehumet.
  2501 | D:4      | Found a stormy altar of Qazlal.
  2503 | D:4      | Found an opulent altar of Gozag.
  2504 | D:4      | Found a snail-covered altar of Cheibriados.
  2530 | D:4      | Reached XP level 5. HP: 27/37 MP: 5/5
  3048 | D:4      | Noticed Blork the orc
  3149 | D:4      | Got a transparent dagger
  3150 | D:4      | Identified the cursed +1 dagger "Bifel" {pierce, Int+3} (You found it on level 4 of the Dungeon)
  3192 | D:4      | Killed Blork the orc
  3192 | D:4      | Reached skill level 1 in Shields
  3192 | D:4      | Reached skill level 5 in Unarmed Combat
  3192 | D:4      | Reached XP level 6. HP: 29/43 MP: 6/6
  3326 | D:4      | Found an oddly glowing altar of Pakellas.
  3338 | D:4      | Noticed Robin
  3338 | D:4      | Noticed a slave
  3383 | D:4      | Killed Robin
  3886 | D:5      | Entered Level 5 of the Dungeon
  3894 | D:5      | Reached skill level 5 in Stealth
  3915 | D:5      | Found Tuaripnuo's Magic Scroll Shoppe.
  3926 | D:5      | Reached XP level 7. HP: 12/49 MP: 7/7
  4166 | D:5      | Bought a scroll of remove curse for 36 gold pieces
  4217 | D:5      | Found a white marble altar of Elyvilon.
  4218 | D:5      | Found a shadowy altar of Dithmenos.
  4494 | D:5      | Reached skill level 6 in Stealth
  4634 | D:5      | Reached skill level 5 in Fighting
  4696 | D:5      | Noticed Prince Ribbit
  4843 | D:5      | Killed Prince Ribbit
  4843 | D:5      | Reached XP level 8. HP: 51/55 MP: 8/8
  4990 | D:5      | Reached skill level 5 in Dodging
  5167 | D:5      | Found a basalt altar of Yredelemnul.
  5233 | D:5      | Found a glowing golden altar of the Shining One.
  5519 | D:5      | Found a staircase to the Ecumenical Temple.
  5527 | D:5      | Reached skill level 7 in Stealth
  5544 | Temple   | Entered the Ecumenical Temple
  5649 | D:4      | Became a worshipper of Cheibriados the Contemplative
  5649 | D:4      | Reached * piety under Cheibriados
  5649 | D:4      | Reached ** piety under Cheibriados
  5829 | D:6      | Reached skill level 1 in Invocations
  5840 | D:6      | Found a sand-covered staircase.
  5849 | Ossuary  | Entered an ossuary
  6209 | Ossuary  | Reached XP level 9. HP: 62/62 MP: 10/10
  6450 | Ossuary  | Gained mutation: You are surrounded by a mild repulsion field (EV +2). [potion of beneficial mutation]
  6451 | Ossuary  | Gained mutation: Your spells are a little harder to cast, but a little more powerful. [potion of beneficial mutation]
  6491 | Ossuary  | Reached *** piety under Cheibriados
  7068 | D:6      | Reached skill level 8 in Stealth
  7135 | D:6      | Reached skill level 1 in Spellcasting
  7302 | D:6      | Found Ucinam's Magic Scroll Boutique.
  7307 | D:6      | Bought a scroll of identify for 28 gold pieces
  7307 | D:6      | Bought a scroll of magic mapping for 49 gold pieces
  7307 | D:6      | Bought a scroll of identify for 28 gold pieces
  7577 | D:6      | Reached **** piety under Cheibriados
  7844 | D:7      | Reached skill level 5 in Shields
  8010 | D:7      | Reached XP level 10. HP: 67/67 MP: 13/13
  8034 | D:7      | Reached skill level 9 in Stealth
  8074 | D:7      | Reached ***** piety under Cheibriados
  9038 | D:8      | Reached skill level 5 in Invocations
  9558 | D:9      | Noticed Psyche
  9574 | D:9      | Killed Psyche
  9695 | D:9      | Reached skill level 10 in Stealth
  9713 | D:9      | You fall through a shaft for 3 floors!
  9713 | D:12     | Noticed a cyclops
  9730 | D:12     | Killed a cyclops
  9797 | D:11     | Noticed a red ugly thing
  9807 | D:12     | Killed a red ugly thing
 10103 | D:11     | Reached XP level 11. HP: 71/71 MP: 17/17
 10247 | D:10     | Entered Level 10 of the Dungeon
 10569 | D:9      | Reached skill level 11 in Stealth
 10651 | D:9      | Found a staircase to the Orcish Mines.
 10868 | D:9      | You fall through a shaft!
 11106 | D:9      | Reached ****** piety under Cheibriados
 12061 | D:10     | Noticed a hill giant
 12233 | D:10     | Killed a hill giant
 12525 | D:11     | Noticed a hill giant
 12529 | D:11     | Noticed a green ugly thing
 12578 | D:11     | Killed a hill giant
 12589 | D:11     | Killed a green ugly thing
 12589 | D:11     | Reached skill level 12 in Stealth
 12624 | D:11     | Reached XP level 12. HP: 80/80 MP: 18/18
 12636 | D:11     | Found a staircase to the Lair.
 12852 | D:12     | Learned a level 3 spell: Confuse
 12934 | D:12     | Found a snail-covered altar of Cheibriados.
 13226 | D:12     | Noticed an eight-headed hydra
 13231 | D:12     | Noticed Nessos
 13241 | D:12     | Killed an eight-headed hydra
 13241 | D:12     | Reached skill level 10 in Unarmed Combat
 13241 | D:12     | Reached skill level 1 in Hexes
 13245 | D:12     | Noticed an eight-headed hydra
 13680 | Lair:1   | Entered Level 1 of the Lair of Beasts
 14084 | Lair:1   | Noticed Fannar
 14786 | Lair:1   | Killed Fannar
 15312 | Lair:1   | Reached skill level 13 in Stealth
 15794 | Lair:2   | Found a labyrinth entrance.
 15806 | Lab      | Entered a labyrinth
 15968 | Lab      | Noticed a minotaur
 15975 | Lab      | Killed a minotaur
 15975 | Lab      | Reached skill level 5 in Spellcasting
 15975 | Lab      | Reached XP level 13. HP: 84/87 MP: 8/20
 15990 | Lab      | Learned a level 7 spell: Dragon Form
 16006 | Lab      | Gained mutation: You are partially covered in icy blue scales (AC +1). [potion of beneficial mutation]
 16125 | Lair:2   | Reached skill level 1 in Transmutations
 16653 | Lair:2   | Mangled by a komodo dragon

Skill      XL: |  1  2  3  4  5  6  7  8  9 10 11 12 13 |
---------------+----------------------------------------+-----
Stealth        | 3 4 5 6 7 8 10 12 13 | 13.4
Fighting       | 4 5 6 7 8 |  8.0
Dodging        | 4 5 6 7 8 9 |  9.8
Shields        | 1 2 4 5 |  5.0
Unarmed Combat | 5 6 7 8 9 10 | 10.8
Invocations    | 1 4 6 7 9 |  9.5
Spellcasting   | 2 4 5 |  5.0
Hexes          | 3 4 |  4.0
Transmutations | 1 |  1.6

Action                   |  1- 3 |  4- 6 |  7- 9 | 10-12 | 13-15 || total
-------------------------+-------+-------+-------+-------+-------++-------
Melee: Unarmed           |    57 |    84 |   337 |   620 |    64 ||  1162
       Constrict         |    15 |    34 |    69 |    91 |    15 ||   224
       Tentacles         |     9 |    26 |   103 |   252 |    26 ||   416
       Dagger            |       |    67 |       |       |       ||    67
       Punch             |       |     4 |    22 |   104 |    13 ||   143
 Cast: Confuse           |       |       |       |       |     4 ||     4
Invok: Slouch            |       |       |       |     4 |       ||     4
       Bend Time         |       |       |       |     2 |       ||     2
       Temporal Distorti |       |       |       |       |     1 ||     1
Evoke: Wand              |       |     1 |    12 |     9 |     1 ||    23
  Use: Scroll            |       |     6 |    12 |    12 |     2 ||    32
       Potion            |       |       |     2 |     5 |     1 ||     8
 Stab: Sleeping          |    12 |    15 |    50 |    42 |     8 ||   127
       Distracted        |       |     1 |     3 |    12 |     1 ||    17
       Invisible         |       |       |       |     5 |       ||     5
  Eat: Chunk             |       |     9 |     1 |    10 |     1 ||    21
       Meat ration       |       |       |     2 |     1 |       ||     3
Armor: Skin              |     9 |     8 |     9 |    12 |     5 ||    43
Dodge: Dodged            |    34 |    86 |   152 |   411 |    91 ||   774
Block: Buckler           |       |       |    51 |   176 |    27 ||   254
